AoeStats
← Paladinho

Arabia

505369442Analyzed
1v1 RM · 22d ago on Sep 9, 2026· 43m 6s· 2 players
Game mode
Random Map
Map size
Tiny (2 player)
Population
200
Speed
Normal
Resources
Standard
Victory
Conquest
Starting age
Dark Age
Ending age
Imperial Age
RankedLock teamsTeams togetherTeam positionsShared explorationLock speedFull tech treeHidden civsTurbo modeCheats
Victory
Defeat
🇻🇪 Maya · Venezuela
974
+15
🇺🇸 Mongols · United States
953
-15
JonDeg
5:44 Loom
10:38 Feudal Age
12:02 Double-Bit Axe
12:26 Horse Collar
17:49 Castle Age
16:41 Fletching
21:39 Padded Archer Armor
21:39 Bodkin Arrow
23:50 Elite Skirmisher
28:02 Bow Saw
28:21 Forging
28:12 Scale Mail Armor
27:58 Man-at-Arms
33:15 Squires
36:17 Heavy Plow
36:52 Long Swordsman
38:10 Wheelbarrow
38:08 Gold Mining
38:38 Town Watch
39:16 Arson
Paladinho
0:33 Loom
10:19 Feudal Age
11:18 Double-Bit Axe
11:16 Horse Collar
14:32 Fletching
19:55 Wheelbarrow
22:29 Castle Age
21:39 Scale Mail Armor
22:49 Eagle Warrior
23:31 Squires
23:58 Chain Mail Armor
23:57 Forging
25:17 Bow Saw
25:04 Gold Mining
25:58 Town Watch
27:51 Stone Mining
28:04 Arson
29:29 Iron Casting
38:45 Imperial Age
38:45 Elite Eagle Warrior
39:51 Conscription
40:03 Holcans
40:55 Plate Mail Armor
41:26 Blast Furnace
Connection lost

Rejoining the realm…

Still unreachable

The connection could not be restored.

Session expired

The server has moved on; the page needs a fresh start.